Map: 트로피컬 새크리파이스

Players

Jinioh - Winner!

  • Race: Terran Terran
  • Spawn Location: 7:00

MCanning

  • Race: Protoss Protoss
  • Spawn Location: 1:00

Event: DreamHack SC2 Masters 2022 Atlanta (Offline)

VOD

Have the link to the VOD?

Description

Time

  • Played on: Nov. 18, 2022, 2:22 p.m.
  • Length: 13:43

All games in this series

Show
View Real Time Build Order
Export as new Build Order

Jinioh Terran - Winner!

Build Orders:  

Get SALT Encoding   

  12  0:00  SCV  
  13  0:12  SCV  
  14  0:17  Supply Depot  
  14  0:24  SCV  
  15  0:39  SCV  
  15  0:42  Barracks  
  16  0:44  Refinery  
  16  0:51  SCV  
  17  1:03  SCV  
  18  1:15  SCV  
  19  1:28  Marine  
  19  1:29  Orbital Command  
  20  1:42  Command Center  
  20  1:53  Factory  
  20  1:57  SCV  
  21  2:05  Barracks Reactor  
  21  2:08  Bunker  
  21  2:10  SCV  
  22  2:16  Supply Depot  
  22  2:23  SCV  
  22  2:24  Refinery  
  23  2:38  SCV  
  23  2:40  Starport  
  24  2:46  Hellion  
  24  2:48  Hellion  
  24  2:51  SCV  
  29  2:59  Orbital Command  
  29  3:03  SCV  
  30  3:09  Widow Mine  
  30  3:12  Widow Mine  
  34  3:15  SCV  
  34  3:17  Medivac  
  37  3:26  Supply Depot  
  38  3:27  SCV x2  
  38  3:32  Widow Mine  
  43  3:34  Widow Mine  
  43  3:39  SCV  
  43  3:40  Barracks Tech Lab  
  45  3:41  SCV  
  45  3:44  Refinery  
  45  3:50  Starport Tech Lab  
  45  3:51  SCV  
  45  3:53  SCV  
  47  4:00  Barracks  
  47  4:04  Marine  
  47  4:06  SCV, Marine  
  47  4:09  SCV  
  50  4:10  Raven  
  51  4:18  Engineering Bay  
  51  4:19  SCV  
  51  4:21  SCV  
  51  4:22  Marine  
  51  4:23  Marine  
  54  4:37  SCV x2  
  54  4:43  Marine x2  
  54  4:44  Supply Depot  
  56  4:49  SCV x2, Barracks  
  56  4:55  Siege Tank  
  57  5:01  SCV x2, Marine  
  57  5:05  Terran Infantry Weapons Level 1  
  57  5:06  Starport Reactor  
  54  5:13  SCV, Marine  
  54  5:14  Supply Depot  
  54  5:15  SCV  
  54  5:19  Marine  
  56  5:21  Refinery  
  56  5:25  SCV  
  56  5:27  Siege Tank  
  60  5:28  SCV  
  60  5:31  Marine  
  60  5:35  Supply Depot  
  62  5:37  SCV  
  62  5:40  SCV  
  62  5:41  Marine  
  65  5:45  Stimpack, Marauder  
  65  5:48  Supply Depot  
  65  5:49  Marine  
  68  5:52  SCV  
  69  5:59  Siege Tank  
  72  6:06  Barracks, Marine  
  72  6:07  Barracks Tech Lab, Marauder, Marine  
  72  6:08  Barracks  
  72  6:10  SCV  
  77  6:12  Supply Depot  
  77  6:14  Medivac x2  
  77  6:16  SCV  
  82  6:22  SCV  
  82  6:24  Marine x2  
  82  6:25  Combat Shield  
  85  6:26  Marauder  
  85  6:29  Marauder  
  85  6:31  Siege Tank  
  92  6:39  Supply Depot, SCV  
  93  6:42  Marine x2  
  93  6:45  Medivac  
  97  6:47  Medivac  
  97  6:48  Marauder  
  97  6:53  Barracks Tech Lab  
  97  6:54  SCV  
  102  6:55  Barracks Reactor, Marauder  
  102  6:59  SCV  
  105  7:02  Terran Infantry Armor Level 1  
  105  7:05  Supply Depot  
  105  7:06  Supply Depot, SCV, Marine  
  105  7:07  Marine  
  107  7:09  Supply Depot  
  107  7:11  Marine  
  107  7:12  Marauder  
  110  7:19  Siege Tank  
  113  7:25  SCV  
  113  7:27  Supply Depot, Marine  
  113  7:28  Marauder  
  113  7:29  Supply Depot  
  117  7:40  SCV  
  117  7:43  Command Center  
  117  7:44  Marauder  
  117  7:51  Marauder, Marine x3  
  119  7:54  Marine  
  119  7:55  Marine  
  125  8:06  Marauder  
  125  8:09  Marine  
  128  8:13  Marauder  
  128  8:14  Marauder  
  128  8:16  Marine  
  128  8:19  SCV, Marine  
  135  8:25  Marine  
  135  8:26  SCV  
  134  8:27  Marauder  
  134  8:33  Marine  
  128  8:34  Marauder  
  128  8:35  Marauder, Marine  
  128  8:43  Marine  
  128  8:45  Marine  
  127  8:49  Marauder  
  127  8:50  SCV  
  127  8:52  SCV  
  127  8:54  Marine x2  
  116  8:56  Marauder  
  116  8:57  Marauder  
  116  9:01  Marine  
  119  9:03  SCV  
  119  9:06  Marine  
  121  9:10  Marauder  
  121  9:12  Marine  
  124  9:17  Marauder  
  124  9:18  Marauder  
  124  9:20  Medivac x2  
  130  9:26  SCV  
  130  9:29  Marine x3  
  132  9:31  Marauder  
  132  9:33  Marine  
  132  9:34  Orbital Command  
  134  9:38  Marauder  
  134  9:39  Marauder  
  134  9:40  Missile Turret x2  
  133  9:47  Marine x2  
  133  9:49  SCV, Marine  
  133  9:51  Marine  
  137  9:53  Marauder  
  137  9:55  Concussive Shells  
  141  10:00  Marauder  
  141  10:01  Marauder  
  141  10:05  Command Center, Marine  
  144  10:09  SCV  
  144  10:12  Supply Depot  
  147  10:14  Marauder  
  147  10:15  Armory, Marine x2  
  147  10:17  Engineering Bay  
  151  10:21  Marauder  
  151  10:22  Marauder, Marine  
  151  10:23  Marine  
  151  10:25  SCV  
  155  10:32  Marine  
  149  10:36  Marauder  
  149  10:41  SCV  
  130  10:42  Marauder  
  130  10:43  Marine  
  130  10:44  Marauder  
  114  10:50  SCV, Marine x2  
  114  10:51  Medivac x2  
  114  10:53  SCV x2  
  125  10:57  Marauder  
  125  11:02  SCV  
  125  11:03  Terran Infantry Weapons Level 2  
  128  11:04  Terran Infantry Armor Level 2, Marauder  
  128  11:05  SCV x2, Marauder  
  132  11:13  Sensor Tower  
  132  11:14  SCV  
  132  11:17  SCV  
  136  11:18  Marauder  
  136  11:24  Marine x2  
  136  11:25  Sensor Tower, Marauder  
  140  11:27  Marine  
  140  11:28  Marine  
  140  11:32  Marauder  
  144  11:39  Marine  
  145  11:42  Missile Turret, Marine x2  
  145  11:45  Marine  
  145  11:46  Marine  
  145  11:47  Marauder  
  150  11:49  SCV  
  150  11:52  Ghost Academy  
  150  11:53  Marauder  
  153  11:57  Marauder  
  153  11:58  Missile Turret  
  153  12:00  Planetary Fortress  
  155  12:03  Marine  
  155  12:04  Marine  
  155  12:05  Marine x2  
  155  12:08  Marauder  
  161  12:13  SCV  
  161  12:14  Marauder  
  164  12:17  Barracks  
  164  12:18  SCV, Marine  
  164  12:21  Marine  
  164  12:22  Barracks, Marine  
  168  12:23  Marine x2  
  168  12:27  SCV  
  168  12:29  Marauder  
  172  12:36  Marauder  
  174  12:37  Marauder  
  174  12:39  Marine  
  174  12:40  Marine  
  174  12:43  Marine  
  166  12:49  SCV  
  166  12:51  Marauder, Marine  
  169  12:53  Barracks  
  169  12:57  Marauder  
  169  12:58  Refinery, Marauder  
  173  12:59  Refinery  
  173  13:02  Missile Turret  
  166  13:08  SCV  
  166  13:11  Marine x2  
  166  13:12  Marauder, Marine x2  
  171  13:18  SCV  
  171  13:19  Marauder x2  
Show
View Real Time Build Order
Export as new Build Order

MCanning Protoss 

Build Orders: 1 Gate Expand, Blink Stalkers 

Get SALT Encoding   

  12  0:00  Probe  
  13  0:12  Probe  
  14  0:19  Pylon  
  14  0:24  Probe  
  15  0:37  Probe (Chrono Boost), Gateway  
  16  0:47  Assimilator  
  16  0:48  Probe (Chrono Boost)  
  17  0:53  Probe (Chrono Boost)  
  18  1:03  Probe  
  19  1:15  Probe  
  20  1:26  Nexus  
  20  1:36  Cybernetics Core  
  20  1:38  Probe  
  21  1:46  Assimilator  
  21  1:50  Probe  
  22  1:56  Pylon  
  22  2:02  Probe  
  23  2:10  Probe  
  23  2:12  Adept (Chrono Boost)  
  23  2:15  Warp Gate  
  26  2:19  Probe  
  26  2:29  Probe  
  27  2:30  Twilight Council  
  28  2:38  Stalker  
  28  2:41  Probe (Chrono Boost)  
  33  2:52  Probe (Chrono Boost)  
  33  2:53  Probe (Chrono Boost)  
  33  2:58  Probe (Chrono Boost)  
  33  3:00  Probe (Chrono Boost), Blink (Chrono Boost)  
  35  3:08  Probe  
  35  3:10  Probe  
  37  3:16  Gateway  
  37  3:21  Shield Battery  
  37  3:25  Gateway  
  37  3:27  Probe  
  37  3:30  Sentry  
  40  3:38  Robotics Facility  
  40  3:39  Probe  
  40  3:41  Probe  
  42  3:48  Pylon  
  42  3:51  Probe  
  42  3:53  Probe  
  44  3:56  Pylon  
  44  4:03  Probe  
  44  4:05  Probe  
  44  4:07  Assimilator  
  44  4:08  Pylon  
  46  4:15  Probe  
  47  4:17  Probe  
  47  4:20  Stalker x2  
  52  4:27  Observer (Chrono Boost), Probe  
  52  4:29  Probe  
  53  4:36  Stalker  
  47  4:39  Probe  
  47  4:41  Probe  
  46  4:48  Observer  
  46  4:51  Probe  
  48  4:54  Stalker  
  48  4:57  Probe  
  50  5:03  Probe  
  49  5:09  Probe  
  50  5:15  Probe  
  50  5:19  Nexus  
  50  5:20  Charge (Chrono Boost)  
  51  5:21  Probe, Pylon  
  52  5:28  Probe  
  52  5:33  Probe  
  54  5:40  Gateway, Probe  
  54  5:42  Gateway  
  55  5:45  Observer, Probe  
  56  5:51  Gateway  
  56  5:53  Gateway  
  56  5:54  Observer  
  56  5:55  Probe  
  57  5:58  Probe  
  58  6:07  Probe  
  58  6:09  Robotics Bay  
  58  6:10  Probe  
  60  6:15  Immortal (Chrono Boost)  
  60  6:18  Sentry  
  66  6:20  Probe  
  66  6:24  Pylon  
  67  6:26  Probe  
  67  6:32  Probe, Pylon  
  69  6:33  Probe  
  69  6:38  Probe  
  71  6:40  Shield Battery  
  71  6:41  Dark Shrine  
  71  6:44  Forge  
  71  6:45  Probe  
  72  6:50  Stalker  
  72  6:51  Stalker  
  76  6:57  Zealot  
  76  7:00  Disruptor (Chrono Boost), Probe  
  82  7:12  Zealot x4  
  87  7:15  Pylon  
  87  7:16  Probe  
  87  7:18  Probe  
  87  7:19  Probe  
  87  7:21  Pylon  
  90  7:25  Shield Battery  
  90  7:28  Disruptor (Chrono Boost)  
  90  7:29  Protoss Ground Weapons Level 1 (Chrono Boost)  
  93  7:30  Pylon  
  93  7:35  Assimilator  
  93  7:41  Zealot x4  
  101  7:47  Probe  
  101  7:49  Photon Cannon  
  102  7:52  Probe  
  102  7:55  Zealot x3  
  109  8:04  Photon Cannon  
  110  8:06  Stalker x2  
  106  8:13  Dark Templar  
  106  8:18  Gateway  
  97  8:31  Zealot x2  
  97  8:32  Zealot  
  74  8:56  Pylon  
  74  8:59  Gateway  
  74  9:00  Gateway  
  74  9:04  Gateway  
  74  9:05  Gateway  
  74  9:11  Pylon  
  74  9:12  Pylon  
  74  9:17  Nexus  
  74  9:18  Pylon  
  74  9:19  Dark Templar  
  74  9:20  Protoss Ground Armor Level 1 (Chrono Boost), Pylon  
  74  9:23  Cybernetics Core  
  76  9:24  Probe  
  77  9:32  Zealot x3  
  81  9:40  Probe  
  81  9:44  Cybernetics Core  
  81  9:45  Pylon  
  82  9:46  Probe  
  82  9:52  Probe  
  84  9:53  Dark Templar x4  
  84  9:57  Archon x2  
  84  9:58  Probe  
  84  9:59  Photon Cannon  
  91  10:03  Zealot x3  
  97  10:15  Robotics Facility  
  97  10:18  Stalker  
  99  10:24  Zealot x2  
  99  10:25  Zealot x2  
  91  10:36  Zealot x3  
  91  10:40  Observer  
  91  10:41  Zealot  
  88  10:46  Zealot x4  
  82  10:55  Probe  
  83  10:57  Probe  
  83  11:00  Dark Templar x2  
  83  11:04  Archon  
  88  11:05  Zealot x2  
  88  11:06  Zealot  
  94  11:13  Probe  
  94  11:14  Probe  
  94  11:15  Assimilator  
  94  11:17  Photon Cannon  
  96  11:19  Immortal (Chrono Boost)  
  96  11:21  Shield Battery  
  96  11:24  Assimilator  
  100  11:26  Assimilator  
  100  11:27  Zealot x3  
  106  11:33  Assimilator  
  106  11:39  Pylon  
  106  11:43  Probe, Pylon  
  106  11:45  Probe  
  106  11:46  Robotics Facility, Probe  
  109  11:50  Zealot  
  111  11:55  Probe  
  111  11:57  Zealot x3, Probe  
  119  12:02  Stalker  
  119  12:03  Stalker  
  119  12:05  Observer (Chrono Boost)  
  119  12:07  Dark Templar  
  122  12:16  Forge  
  122  12:19  Zealot x3  
  128  12:23  Zealot  
  128  12:27  Pylon  
  128  12:29  Probe  
  127  12:39  Pylon  
  127  12:41  Stalker  
  125  12:45  Probe, Pylon  
  125  12:46  Pylon  
  125  12:49  Robotics Bay  
  124  12:51  Zealot  
  124  12:52  Zealot x2  
  130  13:03  Twilight Council  
  130  13:04  Zealot x3  
  133  13:08  Zealot  
  133  13:09  Pylon  
  114  13:20  Stalker  
  114  13:21  Stalker x3  
  114  13:27  Dark Templar x2  
Tags
 
Add a new tag
Caveats
  • Supply blocks, unpowered buildings, or Contaminate may cause inaccurate times.
  • Supply counts are checked every 10 seconds.